AoeStats
← DENON

Arabia

510142968Analyzed
1v1 RM · 3d ago on Sep 29, 2026· 32m 25s· 2 players
Game mode
Random Map
Map size
Tiny (2 player)
Population
200
Speed
Normal
Resources
Standard
Victory
Conquest
Starting age
Dark Age
Ending age
Imperial Age
RankedLock teamsTeams togetherTeam positionsShared explorationLock speedFull tech treeHidden civsTurbo modeCheats
Victory
Defeat
🇺🇸 Slavs · United States
754
+16
🇹🇷 Sicilians · Türkiye
746
-16
izban104
7:07 Loom
14:14 Feudal Age
18:51 Wheelbarrow
18:03 Double-Bit Axe
19:07 Padded Archer Armor
31:11 Fletching
DENON
3:05 Loom
10:29 Feudal Age
12:07 Man-at-Arms
12:58 Double-Bit Axe
20:50 Forging
20:42 Scale Mail Armor
24:36 Castle Age
27:44 Fletching
28:41 Bodkin Arrow
Connection lost

Rejoining the realm…

Still unreachable

The connection could not be restored.

Session expired

The server has moved on; the page needs a fresh start.